AoeStats
← dashuaibi

Arena

508207347Analyzed
4v4 RM · 11d ago on Sep 21, 2026· 57m 28s· 8 players
Game mode
Random Map
Map size
Large (8 player)
Population
200
Speed
Normal
Resources
Standard
Victory
Conquest
Starting age
Dark Age
Ending age
Imperial Age
RankedLock teamsTeams togetherTeam positionsShared explorationLock speedFull tech treeHidden civsTurbo modeCheats
Victory
Defeat
🇨🇳 Italians · China
1406
+14
🇨🇳 Malay · China
1383
+15
🇷🇺 Persians · Russia
1367
+16
🇨🇳 Byzantines · China
1355
+16
🇷🇴 Franks · Romania
1398
-17
🇹🇷 Burgundians · Türkiye
1352
-15
🇪🇸 Slavs · Spain
1347
-15
🇲🇽 Teutons · Mexico
1337
-14
dashuaibi
8:59 Loom
10:44 Feudal Age
13:09 Fletching
27:51 Castle Age
34:35 Double-Bit Axe
34:47 Horse Collar
36:41 Forging
36:37 Scale Barding Armor
37:51 Stone Mining
37:52 Gold Mining
50:40 Gold Shaft Mining
51:03 Wheelbarrow
51:17 Bow Saw
52:17 Stone Shaft Mining
55:05 Imperial Age
53:22 Hand Cart
53:42 Chain Barding Armor
54:11 Iron Casting
53:56 Husbandry
54:10 Treadmill Crane
54:41 Heavy Plow
55:11 Elite Cataphract
56:42 Crop Rotation
57:13 Two-Man Saw
56:37 Conscription
Walkuere
9:20 Feudal Age
8:55 Double-Bit Axe
9:08 Horse Collar
17:38 Castle Age
17:46 Wheelbarrow
17:25 Bow Saw
17:19 Heavy Plow
17:25 Loom
20:42 Forging
20:41 Pikeman
29:30 Squires
29:52 Town Watch
30:22 Hand Cart
33:09 Imperial Age
32:11 Iron Casting
32:05 Caravan
32:07 Fletching
32:45 Fletching
33:52 Conscription
35:49 Iron Casting
35:11 Bodkin Arrow
34:57 Crossbowman
35:43 Thumb Ring
39:34 Ballistics
39:58 Arbalester
42:42 Chemistry
47:32 Bracer
48:16 Siege Engineers
48:43 Padded Archer Armor
49:57 Town Patrol
51:32 Leather Archer Armor
51:19 Gold Mining
51:20 Stone Mining
52:40 Halberdier
58:04 Gold Shaft Mining
58:05 Stone Shaft Mining
58:36 Iron Casting
人生😈百态
10:21 Feudal Age
15:01 Castle Age
13:21 Double-Bit Axe
15:23 Loom
16:02 Bow Saw
17:02 Loom
17:27 Town Watch
24:21 Wheelbarrow
25:04 Horse Collar
26:21 Heavy Plow
31:20 Imperial Age
29:35 Stone Mining
29:39 Gold Mining
30:11 Fletching
30:52 Ballistics
30:19 Pikeman
30:59 Squires
30:45 Arson
31:29 Bodkin Arrow
32:36 Stone Shaft Mining
32:33 Conscription
33:25 Chemistry
36:43 Bracer
36:44 Padded Archer Armor
37:02 Scale Mail Armor
37:13 Forging
39:00 Chain Mail Armor
39:03 Leather Archer Armor
40:50 Iron Casting
40:45 Plate Mail Armor
41:49 Ring Archer Armor
41:51 Plate Mail Armor
45:42 Elite Genoese Crossbowman
50:16 Crop Rotation
50:07 Hand Cart
AN25
9:55 Feudal Age
14:26 Castle Age
12:17 Double-Bit Axe
12:22 Horse Collar
15:23 Bow Saw
22:26 Wheelbarrow
22:48 Heavy Plow
25:29 Hand Cart
25:51 Loom
28:50 Imperial Age
27:20 Bloodlines
27:10 Husbandry
27:20 Scale Barding Armor
27:31 Forging
28:36 Chain Barding Armor
30:14 Chemistry
28:55 Heavy Camel Rider
30:15 Iron Casting
29:48 Gold Mining
31:04 Plate Barding Armor
31:43 Conscription
33:00 Blast Furnace
36:08 Fletching
36:17 Cavalier
37:23 Bodkin Arrow
41:21 Savar
47:50 Coinage
51:41 Elite War Elephant
sjhgdtbr
11:13 Feudal Age
12:45 Double-Bit Axe
15:16 Castle Age
17:24 Scale Barding Armor
17:29 Forging
19:57 Town Watch
20:49 Wheelbarrow
20:17 Loom
23:13 Hand Cart
23:32 Husbandry
24:08 Iron Casting
24:17 Stone Mining
24:18 Gold Mining
29:22 Imperial Age
27:29 Squires
27:14 Arson
27:30 Scale Mail Armor
28:53 #83
28:57 Town Patrol
29:26 Bow Saw
31:07 Chemistry
30:29 Conscription
29:56 Cavalier
31:08 Ballistics
30:40 Fletching
32:18 Chain Mail Armor
32:59 Elite Throwing Axeman
34:24 Gold Shaft Mining
34:28 Hoardings
35:16 Plate Mail Armor
35:47 Blast Furnace
35:44 Chivalry
36:21 Paladin
38:50 Sanctity
38:55 Fortified Wall
38:51 Siege Engineers
39:00 Masonry
38:20 Pikeman
40:04 Chain Barding Armor
39:59 Halberdier
41:53 Plate Barding Armor
41:31 Bodkin Arrow
41:52 Light Cavalry
44:07 Elite Skirmisher
44:49 Padded Archer Armor
45:21 Architecture
46:05 Leather Archer Armor
46:53 Capped Ram
GPA_Heimdallr
5:38 Double-Bit Axe
6:51 Horse Collar
11:53 Feudal Age
10:37 Gold Mining
13:09 Loom
16:46 Castle Age
15:15 Bow Saw
15:38 Heavy Plow
16:29 Gold Shaft Mining
16:26 Stone Mining
17:46 Scale Barding Armor
21:15 Husbandry
21:40 Forging
21:57 Light Cavalry
24:09 Chain Barding Armor
25:16 Iron Casting
24:24 Cavalier
29:32 Wheelbarrow
28:42 Town Watch
30:01 Two-Man Saw
32:18 Imperial Age
30:44 Murder Holes
31:25 Crop Rotation
31:25 Padded Archer Armor
31:15 Fletching
32:21 Leather Archer Armor
32:32 Bodkin Arrow
33:17 Fortified Wall
33:09 Elite Skirmisher
35:26 Chemistry
34:32 Bracer
34:55 Ballistics
35:10 Conscription
35:09 Hussar
38:28 Hand Cart
38:51 Plate Barding Armor
38:34 Paladin
40:49 Blast Furnace
40:00 Burgundian Vineyards
40:55 Paladin
49:16 Town Patrol
Grimbel
11:15 Feudal Age
12:04 Double-Bit Axe
15:49 Castle Age
14:00 Horse Collar
14:40 Gold Mining
14:37 Man-at-Arms
17:46 Squires
18:17 Scale Mail Armor
18:16 Loom
19:34 Chain Mail Armor
19:29 Forging
20:25 Forging
19:45 Long Swordsman
21:25 Wheelbarrow
20:35 Town Watch
22:18 Bow Saw
29:14 Imperial Age
27:24 Fortified Wall
28:09 Heavy Plow
28:02 Town Watch
28:20 Stone Mining
29:15 Gold Shaft Mining
30:12 Fletching
29:45 Two-Handed Swordsman
30:54 Ballistics
31:07 Hand Cart
30:41 Pikeman
31:47 Masonry
31:35 Bodkin Arrow
33:26 Plate Mail Armor
33:32 Conscription
35:10 Hoardings
36:53 Iron Casting
36:08 Halberdier
38:20 Chemistry
[GDL] HANNIBAL
5:39 Loom
9:05 Feudal Age
11:11 Fletching
21:27 Horse Collar
29:51 Castle Age
28:28 Gold Mining
28:25 Double-Bit Axe
30:06 Scale Mail Armor
30:17 Forging
31:11 Bow Saw
31:39 Chain Mail Armor
31:26 Squires
31:35 Heavy Plow
37:34 Iron Casting
37:52 Stone Mining
41:50 Imperial Age
40:13 Scale Barding Armor
40:48 Wheelbarrow
41:48 Hand Cart
41:35 Pikeman
42:01 Gambesons
43:26 Conscription
42:58 Town Watch
44:05 Cavalier
46:08 Bloodlines
46:44 Chain Barding Armor
47:55 Two-Man Saw
48:18 Plate Barding Armor
48:46 Blast Furnace
51:37 Paladin
52:25 Town Patrol
Connection lost

Rejoining the realm…

Still unreachable

The connection could not be restored.

Session expired

The server has moved on; the page needs a fresh start.